Map: [ESL] Gresvan

Players

Lambo - Winner!

  • Race: Zerg Zerg
  • Spawn Location: 5:00

MaxPax

  • Race: Protoss Protoss
  • Spawn Location: 11:00

Event: ESL SC2 Masters 2023 Summer (Regionals)

VOD

Have the link to the VOD?

Description

Time

  • Played on: May 12, 2023, 10:44 a.m.
  • Length: 12:52

All games in this series

Show
View Real Time Build Order
Export as new Build Order

Lambo Zerg - Winner!

Build Orders: Hatch First 

Get SALT Encoding   

  12  0:00  Drone  
  13  0:12  Overlord  
  13  0:17  Drone  
  14  0:30  Drone x2  
  16  0:47  Hatchery  
  15  0:50  Drone  
  15  0:54  Drone  
  17  0:57  Drone  
  18  1:07  Extractor  
  17  1:13  Spawning Pool  
  17  1:16  Drone  
  17  1:22  Drone  
  18  1:27  Drone  
  19  1:39  Drone  
  20  1:51  Overlord  
  20  2:00  Queen x2  
  24  2:01  Drone  
  24  2:02  Zergling x2  
  26  2:10  Drone x2  
  26  2:13  Metabolic Boost  
  28  2:21  Drone x2  
  30  2:33  Drone x2  
  32  2:39  Queen  
  34  2:46  Hatchery  
  34  2:50  Zergling x2  
  34  2:54  Overlord  
  34  2:55  Zergling x2  
  34  2:57  Zergling x2  
  36  3:05  Spore Crawler  
  35  3:06  Drone  
  35  3:09  Overlord  
  37  3:13  Drone x3  
  37  3:17  Spore Crawler  
  39  3:20  Drone  
  39  3:24  Drone  
  39  3:25  Drone x2  
  43  3:29  Queen  
  43  3:31  Queen  
  48  3:34  Drone  
  48  3:35  Drone  
  49  3:42  Drone x2  
  49  3:44  Drone  
  49  3:47  Roach Warren  
  51  3:49  Drone  
  51  3:51  Overlord  
  52  3:58  Overlord  
  52  4:00  Queen  
  52  4:01  Drone  
  55  4:04  Zergling x2  
  55  4:05  Drone  
  55  4:06  Drone  
  55  4:08  Overlord  
  58  4:11  Zergling x2  
  58  4:15  Queen  
  58  4:17  Zergling x2  
  62  4:19  Zergling x2  
  63  4:26  Zergling x4  
  65  4:36  Drone, Overlord  
  66  4:40  Roach x3  
  66  4:44  Overlord  
  72  4:47  Overlord  
  72  4:48  Roach x3  
  72  4:50  Roach x2  
  82  4:53  Spore Crawler  
  82  4:54  Spore Crawler  
  82  4:59  Drone  
  82  5:04  Roach, Extractor  
  82  5:05  Overlord  
  82  5:07  Spore Crawler  
  82  5:13  Roach, Zergling x4  
  85  5:15  Overlord  
  85  5:17  Zergling x12  
  86  5:30  Drone x5  
  86  5:34  Drone x2  
  88  5:38  Drone  
  88  5:40  Drone  
  90  5:43  Drone x3  
  90  5:47  Drone  
  90  5:48  Drone  
  94  5:51  Drone x3  
  94  5:53  Evolution Chamber  
  94  5:54  Drone  
  94  5:55  Drone  
  98  6:02  Drone  
  98  6:03  Drone  
  98  6:04  Lair  
  99  6:06  Extractor  
  99  6:08  Drone  
  99  6:14  Drone x2  
  99  6:16  Drone x3  
  104  6:18  Extractor  
  104  6:19  Zerg Melee Weapons Level 1  
  104  6:21  Drone x3  
  104  6:24  Drone  
  104  6:25  Overlord, Hatchery  
  107  6:29  Roach  
  108  6:36  Zergling x8  
  108  6:39  Zergling x2  
  106  6:41  Evolution Chamber  
  106  6:44  Zergling x6  
  103  6:53  Drone x7  
  105  7:00  Drone  
  104  7:02  Drone x3  
  104  7:04  Drone  
  104  7:06  Baneling Nest  
  104  7:08  Drone x2  
  107  7:18  Drone x5  
  112  7:29  Drone  
  113  7:30  Drone x5  
  113  7:33  Hatchery  
  117  7:40  Queen  
  117  7:41  Roach x4  
  127  7:46  Zergling x2  
  127  7:48  Extractor, Centrifugal Hooks  
  127  7:50  Drone  
  128  7:51  Overlord  
  128  7:52  Overlord  
  128  7:54  Overlord x3  
  128  7:59  Overlord  
  128  8:00  Overlord  
  128  8:01  Overlord  
  128  8:04  Overlord  
  128  8:07  Overlord  
  128  8:08  Glial Reconstitution  
  128  8:09  Overlord  
  128  8:12  Zergling x8  
  131  8:18  Zergling x14  
  128  8:20  Zergling x6  
  128  8:21  Zergling x4  
  128  8:24  Zergling x4  
  133  8:28  Roach x3  
  133  8:29  Ravager  
  133  8:30  Zergling x2  
  133  8:31  Zergling x2  
  133  8:33  Ravager  
  133  8:34  Ravager x3  
  144  8:35  Zerg Melee Weapons Level 2  
  144  8:36  Roach x2  
  150  8:41  Roach x3  
  150  8:46  Roach x6  
  164  8:50  Zergling x8  
  164  8:52  Zergling x2  
  165  8:59  Zergling x12  
  171  9:08  Zergling x8  
  171  9:09  Overlord  
  173  9:12  Zergling x6  
  165  9:20  Zergling x18  
  172  9:25  Queen  
  172  9:27  Zergling x6  
  172  9:30  Zergling x4  
  176  9:40  Baneling x16, Zergling x14  
  176  9:43  Queen  
  176  9:44  Queen  
  176  9:45  Zergling x14  
  194  9:46  Baneling x12  
  194  9:48  Zergling x8  
  194  9:49  Zergling x2  
  194  9:50  Zergling x2  
  194  9:51  Zergling x2  
  196  9:57  Zergling x2  
  196  9:58  Zergling x2  
  194  10:03  Spine Crawler  
  191  10:07  Zergling x14  
  194  10:17  Zergling x20  
  192  10:21  Zergling x2  
  192  10:22  Zergling x8  
  176  10:32  Zergling x8  
  148  10:35  Zergling x2  
  148  10:39  Roach x5  
  148  10:42  Roach x5  
  163  10:45  Roach x2  
  163  10:46  Roach x2  
  168  10:50  Zergling x6  
  168  10:52  Zergling x2  
  168  10:53  Hatchery  
  168  10:55  Zergling x2  
  172  10:57  Baneling x6  
  172  11:02  Zergling x8  
  172  11:04  Ravager x2  
  177  11:08  Zergling x2  
  177  11:10  Zergling x2  
  179  11:13  Zergling x14  
  179  11:15  Baneling x6  
  186  11:18  Zergling x10  
  186  11:24  Zergling x8  
  186  11:25  Baneling x2  
  180  11:26  Zergling x4  
  180  11:32  Baneling x2, Zergling x4  
  184  11:36  Zergling x10  
  184  11:37  Baneling x9  
  189  11:40  Zergling x10  
  189  11:45  Zergling x8  
  197  11:52  Zergling x14  
  194  11:57  Zergling x2  
  194  12:00  Roach x3  
  167  12:04  Roach x5  
  167  12:06  Roach  
  167  12:07  Roach  
  169  12:08  Zergling x2  
  169  12:09  Zergling x8  
  169  12:12  Zergling x10  
  163  12:17  Roach  
  163  12:19  Roach  
  163  12:21  Roach  
  163  12:24  Roach x2  
  163  12:25  Zergling x2  
  157  12:30  Zergling x4  
  157  12:35  Zergling x16  
Show
View Real Time Build Order
Export as new Build Order

MaxPax Protoss 

Build Orders: 1 Gate Expand, Mass Adepts 

Get SALT Encoding   

  12  0:00  Probe  
  13  0:12  Probe  
  14  0:20  Pylon  
  14  0:24  Probe  
  15  0:38  Probe (Chrono Boost)  
  15  0:41  Gateway  
  16  0:48  Probe (Chrono Boost), Assimilator  
  17  0:53  Probe (Chrono Boost)  
  18  1:05  Probe  
  19  1:17  Probe  
  20  1:25  Nexus  
  20  1:35  Cybernetics Core  
  20  1:37  Probe  
  21  1:43  Assimilator  
  21  1:49  Probe  
  21  1:51  Pylon  
  22  2:02  Probe  
  22  2:08  Adept (Chrono Boost)  
  23  2:11  Warp Gate  
  23  2:14  Probe  
  26  2:23  Twilight Council  
  26  2:26  Probe (Chrono Boost)  
  26  2:28  Adept (Chrono Boost)  
  29  2:37  Probe (Chrono Boost)  
  31  2:44  Probe (Chrono Boost)  
  31  2:47  Probe (Chrono Boost)  
  31  2:51  Probe (Chrono Boost), Stalker  
  33  2:52  Probe (Chrono Boost)  
  36  3:02  Probe  
  36  3:04  Probe  
  38  3:07  Gateway  
  38  3:12  Gateway  
  38  3:14  Probe, Resonating Glaives (Chrono Boost)  
  38  3:16  Probe  
  40  3:26  Probe  
  41  3:28  Probe  
  41  3:33  Robotics Facility  
  42  3:36  Pylon  
  42  3:38  Probe  
  42  3:39  Pylon  
  42  3:40  Probe  
  44  3:50  Probe  
  44  3:51  Pylon  
  44  3:52  Probe  
  44  3:55  Assimilator  
  46  4:03  Probe  
  46  4:04  Probe  
  46  4:06  Adept x3  
  46  4:08  Pylon  
  54  4:16  Probe x2  
  56  4:18  Warp Prism (Chrono Boost)  
  56  4:21  Robotics Bay  
  58  4:26  Assimilator  
  58  4:32  Adept x2  
  58  4:33  Adept  
  64  4:49  Pylon  
  64  4:50  Observer (Chrono Boost)  
  65  4:52  Adept  
  65  4:53  Adept x2  
  65  4:55  Probe x2  
  73  5:07  Disruptor (Chrono Boost)  
  73  5:08  Pylon  
  76  5:16  Pylon  
  76  5:20  Adept x3  
  76  5:28  Gravitic Drive  
  76  5:33  Probe  
  76  5:35  Disruptor (Chrono Boost)  
  71  5:39  Nexus  
  71  5:40  Adept x2  
  78  5:44  Adept  
  78  5:46  Probe  
  78  5:49  Probe  
  82  5:53  Blink (Chrono Boost), Shield Battery  
  82  5:55  Forge  
  82  6:03  Probe  
  83  6:05  Probe  
  84  6:16  Probe  
  84  6:17  Probe  
  86  6:23  Gateway  
  86  6:24  Adept  
  86  6:25  Gateway  
  88  6:27  Gateway  
  88  6:28  Probe  
  89  6:34  Disruptor (Chrono Boost)  
  85  6:41  Probe  
  85  6:44  Protoss Ground Weapons Level 1 (Chrono Boost)  
  83  6:47  Probe  
  83  6:51  Probe  
  83  6:53  Probe, Stalker x3  
  84  6:59  Probe  
  77  7:03  Probe  
  77  7:04  Disruptor, Gateway  
  77  7:07  Gateway  
  81  7:14  Pylon  
  81  7:15  Probe  
  82  7:19  Stalker x4  
  90  7:28  Pylon  
  90  7:33  Stalker x2  
  94  7:38  Probe x2  
  94  7:39  Probe  
  97  7:45  Observer  
  97  7:47  Stalker x4  
  106  8:02  Stalker x3  
  106  8:03  Stalker  
  106  8:05  Assimilator x2  
  114  8:07  Pylon  
  114  8:10  Probe  
  107  8:26  Nexus, Stalker x5  
  114  8:28  Probe x2  
  114  8:30  Adept x2  
  120  8:36  Stalker  
  120  8:38  Probe  
  120  8:40  Photon Cannon  
  123  8:57  Protoss Ground Weapons Level 2 (Chrono Boost)  
  123  8:58  Probe  
  123  8:59  Photon Cannon  
  123  9:02  Stalker x5  
  130  9:06  Stalker  
  130  9:10  Stalker  
  130  9:18  Stalker  
  130  9:25  Probe  
  130  9:26  Probe  
  130  9:27  Shield Battery  
  130  9:29  Pylon  
  132  9:33  Probe  
  133  9:42  Charge  
  133  9:43  Stalker x6  
  145  9:46  Probe  
  146  9:55  Disruptor (Chrono Boost)  
  143  10:02  Stalker x2  
  143  10:07  Stalker x4  
  151  10:12  Stalker x2  
  153  10:25  Stalker x2  
  138  10:29  Probe  
  122  10:37  Stalker x3  
  128  10:48  Stalker x3  
  134  10:59  Stalker x2  
  138  11:08  Pylon  
  138  11:10  Pylon  
  138  11:15  Shield Battery  
  138  11:19  Colossus (Chrono Boost)  
  141  11:28  Stalker x3  
  141  11:29  Stalker x2  
  140  12:01  Stalker x8  
  99  12:14  Probe  
  76  12:33  Stalker x5  
  86  12:40  Stalker  
  86  12:41  Stalker x2  
Tags
 
Add a new tag
Caveats
  • Supply blocks, unpowered buildings, or Contaminate may cause inaccurate times.
  • Supply counts are checked every 10 seconds.